 Dungeon Crawl Stone Soup version 0.30-a0-782-ge64f9170bb (console) character file.

Game seed: 16209387638862519972

4718 utis the Zephyrmancer (level 10, -14/59 HPs)
             Began as a Tengu Wanderer on Mar 9, 2023.
             Killed from afar by an acid dragon (24 damage)
             ... with a splash of acid
             ... on level 9 of the Dungeon.
             The game lasted 00:29:28 (11070 turns).

utis the Zephyrmancer (Tengu Wanderer)             Turns: 11070, Time: 00:29:29

Health: -14/59     AC: 11    Str: 15    XL:     10   Next: 45%
Magic:  14/15      EV: 15    Int: 10    God:
Gold:   502        SH:  0    Dex: 14    Spells: 0/15 levels left

rFire   . . .      SeeInvis .    a - +2 mace (drain)
rCold   + . .      Faith    .    (no shield)
rNeg    + . .      Spirit   .    v - +0 ring mail
rPois   .          Reflect  .    (helmet restricted)
rElec   .          Harm     .    R - +3 cloak of the Valley of Death {rC+}
rCorr   .          Rampage  .    k - +0 pair of gloves
Will    .....                    (boots unavailable)
Stlth   +                        S - amulet of magic regeneration {@e1}
HPRegen 0.29/turn                N - ring of positive energy
MPRegen 0.54/turn                (no ring)

@: mighty, flying quickly and evasively, quick
A: beak, talons 3, nimble flight, clumsy 1, dopey 1
a: no special abilities


You were on level 9 of the Dungeon.
You visited 1 branch of the dungeon, and saw 9 of its levels.
You also visited: Sewer.

You collected 502 gold pieces.

Inventory:

Hand Weapons
 a - a +2 mace of draining (weapon)
 b - a +0 quarterstaff
 l - a +0 trident
 x - a +2 falchion
 F - a +1 spear of freezing
 G - a +0 halberd
 P - a +0 arbalest of freezing
Missiles
 f - 39 stones
 t - 8 poisoned darts
 E - 2 throwing nets {=f}
Armour
 c - a +0 cloak
 e - a +0 leather armour
 k - a +0 pair of gloves (worn)
 p - a +0 scale mail
 q - a +0 chain mail
 v - a +0 ring mail (worn)
 R - the +3 cloak of the Valley of Death (worn) {rC+}
   (You found it on level 7 of the Dungeon)

   rC:        It protects you from cold.
Magical Staves
 w - a staff of air
 C - a staff of cold
 H - a staff of fire
Jewellery
 N - a ring of positive energy (left hand)
 S - an amulet of magic regeneration (around neck) {@e1}
Wands
 y - a wand of digging (9)
 I - a wand of flame (10)
 M - a wand of quicksilver (21)
Scrolls
 d - 2 scrolls of blinking
 i - 3 scrolls of teleportation {@r4}
 j - 2 scrolls of amnesia
 z - a scroll of brand weapon {unknown}
 A - a scroll of immolation {unknown}
 B - 2 scrolls of poison {unknown}
 D - a scroll of fog {unknown}
 J - 2 scrolls of noise {unknown}
 T - a scroll of torment {unknown}
Potions
 g - 2 potions of brilliance
 h - 2 potions of attraction
 m - a potion of haste {@q3}
 n - 2 potions of mutation {!q}
 o - a potion of might
 r - a potion of lignification
 s - 2 potions of curing {@q1}
 u - 3 potions of cancellation
 O - a potion of flight {unknown}


   Skills:
 + Level 5.4 Fighting
 - Level 3.2 Long Blades
 - Level 1.7(2.0) Maces & Flails
 + Level 2.3(2.4) Polearms
 - Level 1.1(2.2) Staves
 + Level 4.3 Armour
 + Level 5.1 Dodging
 - Level 1.0 Stealth
 - Level 3.0 Spellcasting
 - Level 10.0 Summonings
 - Level 11.0 Air Magic


You couldn't memorise any spells.
You knew the following spells:

 Your Spells              Type           Power      Damage    Failure   Level
b - Summon Ice Beast      Ice/Summ       11%        N/A       54%         4
d - Mephitic Cloud        Conj/Pois/Air  8%         N/A       34%         3
p - Call Imp              Summ           21%        N/A       1%          2
t - Summon Lightning Spi  Summ/Air       22%        N/A       7%          4
Y - Sublimation of Blood  Necr           1%         N/A       61%         2

Your spell library contained the following spells:

 Spells                   Type           Power      Damage    Failure   Level
 Magic Dart               Conj           4%         1d3       45%         1
 Frozen Ramparts          Ice            2%         1d1       83%         3
 Silence                  Hex/Air        6%         N/A       83%         5
 Ice Form                 Ice/Tmut       1%         N/A       99%         4
 Passage of Golubria      Tloc           1%         N/A       99%         4
 Petrify                  Tmut/Erth      1%         N/A       99%         4
 Irradiate                Conj/Tmut      0%         3d11      100%        5
 Haunt                    Necr/Summ      5%         N/A       100%        7
 Lehudib's Crystal Spear  Conj/Erth      0%         10d2      100%        8
 Summon Horrible Things   Summ           10%        N/A       100%        8


Dungeon Overview and Level Annotations

Branches:
Dungeon (9/15)             Temple (0/1) D:5           Sewer (visited)
   Lair: D:8-11         Orc: D:9-12

Altars:
Ashenzari
Dithmenos
Fedhas
Hepliaklqana
Kikubaaqudgha
Makhleb
Okawaru
Vehumet
Xom
The Shining One

Shops:
D:1 (   D:4 *

Annotations:
D:7 Maggie


Innate Abilities, Weirdness & Mutations

You have a beak for a mouth.
You have claws for feet.
Your magical nature lets you fly swiftly and evasively.
You are clumsy. (Dex -2)
You are dopey. (Int -2)


Message History

Your Armour skill increases to level 4!
Your Dodging skill increases to level 5!
You now have 502 gold pieces (gained 12).
Things that are here:
a +0 giant club; a +0 robe You start resting.
You hear the creaking of a very distant portcullis.
Your shadow imp disappears in a puff of smoke!
You flicker for a moment.
You flicker back into view.
Found an escape hatch in the ceiling.
Your extra speed is starting to run out.
An acid dragon is nearby!
An acid dragon is nearby!
An acid dragon is nearby!
You feel yourself slow down.
You start resting.
An acid dragon is nearby!
Casting: Summon Lightning Spire (dangerous; 7% risk of failure)
Confirm with . or Enter, or press ? or * to list all spells.
An electric hum fills the air.
The acid dragon spits acid at you. The splash of acid hits you!
* * * LOW HITPOINT WARNING * * *
You hear a shout!
You hear a shout!
The acid dragon barely misses you.
The acid dragon claws you but does no damage.
You barely miss the acid dragon. Your kick misses the acid dragon.
The acid dragon misses you. The acid dragon barely misses you.
You sock the acid dragon! Your kick misses the acid dragon.
The acid dragon is heavily wounded.
The acid dragon bites you.
* * * LOW HITPOINT WARNING * * *
The acid dragon closely misses you.
The acid dragon bites you but does no damage.
The acid dragon closely misses you. The acid dragon spits acid at you.
The splash of acid hits you!!
You die...

░░░░░░░░░░***░░░* ****
░.....<....,....░░░ ,,,**
░..........,....... ,*,,*
░░8........,,....... ,,*,*
******░..Q.......,,,...... *,*,*
*,,,,,░D░░░...░░░░░**░....
*,*,****,,,,,░.░░░...░...░ ░....
*,*,,,,+,,∩,,░...........░ ░....
*,*,****,,,,,░...........░░░░...░
*,*,*,,*,,,,,░.........░.........
*,*,*,,******░..............░...░
*,,,,,,,,,,.................░...░
**,,,,,,,,.................░░...░


You could see an acid dragon (catching breath, ally target) and a friendly
lightning spire (summoned).

Vanquished Creatures
  Erolcha (D:9)
  2 hornets
  4 yaks
  Duvessa (D:5)
  An orc warrior (D:6)
  2 ice beasts
  A sky beast (D:8)
  5 black bears
  2 ogres
  A centaur (D:8)
  2 bullfrogs
  4 scorpions
  Dowan (D:5)
  2 howler monkeys (D:9)
  3 jellies
  5 hounds
  2 orc priests (D:7)
  2 gnoll boudas
  4 iguanas
  Ijyb (D:3)
  3 orc wizards
  Robin (D:2)
  7 gnolls
  10 adders
  A shadow imp (D:5)
  4 white imps
  3 worms
  3 dart slugs
  19 orcs
  15 endoplasms
  5 giant cockroaches
  8 goblins
  5 hobgoblins
  8 jackals
  9 quokkas
  8 ball pythons
  3 bats
  4 frilled lizards
  9 kobolds
  4 rats
175 creatures vanquished.

Vanquished Creatures (collateral kills)
  3 yaks
  An orc warrior (D:9)
  A howler monkey (D:9)
  An orc (D:9)
6 creatures vanquished.

Vanquished Creatures (others)
  14 plants (D:3)
14 creatures vanquished.

Grand Total: 195 creatures vanquished

Notes
Turn   | Place    | Note
-------+----------+-------------------------------------------
     0 | D:1      | utis the Tengu Wanderer began the quest for the Orb.
     0 | D:1      | utis set off with the following items: a +2 falchion, a +0
                  | quarterstaff, a +0 cloak, a scroll of blinking, a +0
                  | leather armour.
     0 | D:1      | Reached XP level 1. HP: 12/12 MP: 3/3
   140 | D:1      | Found Osidaamp's Weapon Shoppe.
  1000 | D:2      | Reached XP level 2. HP: 18/18 MP: 4/4
  1015 | D:2      | Reached XP level 3. HP: 7/22 MP: 5/5
  1592 | D:2      | Noticed Robin
  1620 | D:2      | Killed Robin
  1621 | D:2      | Reached XP level 4. HP: 27/28 MP: 6/6
  2256 | D:3      | Found a glowing drain.
  2272 | D:3      | Gained mutation: Your magical nature lets you fly swiftly
                  | and evasively. [Tengu growth]
  2272 | D:3      | Reached XP level 5. HP: 33/33 MP: 7/7
  2278 | Sewer    | Entered a sewer
  2697 | Sewer    | Found a viscous altar of Jiyva.
  2922 | D:3      | Noticed Ijyb
  3043 | D:3      | Killed Ijyb
  3044 | D:3      | Reached XP level 6. HP: 29/39 MP: 8/8
  3731 | D:3      | Found a faded altar of an unknown god.
  3797 | D:4      | Reached skill level 1 in Maces & Flails
  4159 | D:4      | Got Ecyll's Octavo of Allies
  4168 | D:4      | Found Zyffesch's General Store.
  4416 | D:4      | Found a broken altar of Ashenzari.
  4429 | D:4      | Found a radiant altar of Vehumet.
  4904 | D:4      | Reached XP level 7. HP: 44/44 MP: 9/9
  4945 | D:4      | Learned a level 4 spell: Summon Lightning Spire
  4948 | D:4      | Learned a level 2 spell: Sublimation of Blood
  5294 | D:4      | Found a blossoming altar of Fedhas.
  5297 | D:4      | Found a shimmering altar of Xom.
  5300 | D:4      | Found an iron altar of Okawaru.
  5401 | D:4      | Reached skill level 1 in Air Magic
  5426 | D:4      | Reached skill level 1 in Summonings
  5564 | D:4      | Found a glowing golden altar of the Shining One.
  5671 | D:5      | Entered Level 5 of the Dungeon
  5704 | D:5      | Noticed Duvessa
  5724 | D:5      | Noticed Dowan
  5725 | D:5      | Killed Duvessa
  5726 | D:5      | Reached skill level 2 in Air Magic
  5794 | D:5      | Killed Dowan
  5795 | D:5      | Reached skill level 3 in Air Magic
  5866 | D:5      | Reached skill level 4 in Air Magic
  5866 | D:5      | Reached XP level 8. HP: 32/48 MP: 10/10
  6123 | D:5      | Found a burning altar of Makhleb.
  6142 | D:5      | Reached skill level 5 in Air Magic
  6429 | D:5      | Reached skill level 5 in Summonings
  6469 | D:5      | Found a staircase to the Ecumenical Temple.
  6473 | D:5      | You are sucked into a shaft and drop 1 floor!
  6486 | D:6      | Reached skill level 6 in Air Magic
  6627 | D:5      | Found an ancient bone altar of Kikubaaqudgha.
  6949 | D:6      | Found a shadowy altar of Dithmenos.
  7229 | D:6      | Reached skill level 7 in Air Magic
  7615 | D:7      | Identified the +3 cloak of the Valley of Death {rC+}
  7888 | D:6      | Reached XP level 9. HP: 33/53 MP: 11/11
  8373 | D:7      | Reached skill level 8 in Air Magic
  8520 | D:7      | Noticed a hornet
  8531 | D:6      | Paralysed by a hornet for 1 turns
  8540 | D:6      | Killed a hornet
  8542 | D:6      | HP: 1/53 [poisoned by a hornet]
  8543 | D:6      | Gained mutation: You are clumsy. (Dex -2) [potion of
                  | mutation]
  8543 | D:6      | Gained mutation: You are dopey. (Int -2) [potion of
                  | mutation]
  8799 | D:7      | Noticed Maggie
  9160 | D:8      | Reached skill level 9 in Air Magic
  9211 | D:8      | Learned a level 4 spell: Summon Ice Beast
  9283 | D:8      | Found a hazy altar of Hepliaklqana.
  9821 | D:8      | Reached skill level 10 in Air Magic
 10201 | D:8      | Noticed a hornet
 10219 | D:8      | Killed a hornet
 10220 | D:8      | Reached skill level 10 in Summonings
 10220 | D:8      | Reached XP level 10. HP: 50/58 MP: 12/12
 10461 | D:8      | Reached skill level 11 in Air Magic
 10937 | D:9      | Reached skill level 5 in Fighting
 10937 | D:9      | Reached skill level 1 in Polearms
 10942 | D:9      | Learned a level 2 spell: Call Imp
 10946 | D:9      | Learned a level 3 spell: Mephitic Cloud
 10977 | D:9      | Noticed Erolcha
 11002 | D:9      | Killed Erolcha
 11003 | D:9      | Reached skill level 5 in Dodging
 11070 | D:9      | Killed from afar by an acid dragon

Illustrated notes

Levels and vault maps discovered:
D:1:      dpeg_arrival_castle, layout_basic, serial_shops,
          nicolae_shop_bloodbath_and_beyond, minmay_misc_feat_ornament
D:2:      layout_basic, minmay_octomino_j4, uniq_robin
D:3:      layout_loops_ring, gup_sewer_entry_glass,
          dilly_ecumenical_altar_fadedgnrine, kennysheep_generic_room_5,
          uniq_ijyb
D:4:      layout_layer_cave, lemuel_tele_altar, nicolae_overflow_hidden_temple,
          serial_shops, nicolae_shop_competitors_out_of_business
D:5:      layout_basic, makhleb_heckhound_becter, kiku_gazebo_pond_becter,
          minmay_temple_entry_antechambers, uniq_duvessa
D:6:      layout_loops_ring, nicolae_dithmenos_shadow_blocks,
          hangedman_decor_points, kennysheep_nub
D:7:      layout_gridville, gammafunk_temple_overflow_wave, uniq_maggie
D:8:      layout_basic, mainiacjoe_overflow_concentric_impassable
D:9:      layout_basic, enter_bailey_7, uniq_erolcha

Skill      XL: |  1  2  3  4  5  6  7  8  9 10 |
---------------+-------------------------------+-----
Dodging        | 2 3 4 5 |  5.1
Fighting       | 3 4 5 |  5.4
Armour         | 2 3 4 |  4.3
Maces & Flails | 1 |  1.7
Air Magic      | 4 7 10 11 | 11.0
Summonings     | 4 7 10 | 10.0
Spellcasting   | 3 |  3.0
Polearms       | 2 |  2.3
Long Blades    | |  3.2
Staves         | |  1.1
Stealth        | |  1.0

Action                     |  1- 3 |  4- 6 |  7- 9 | 10-12 || total
---------------------------+-------+-------+-------+-------++-------
  Melee: Falchion          |    51 |   115 |       |       ||   166
         Kick              |     6 |    46 |    86 |    11 ||   149
         Peck              |     3 |    24 |    52 |     6 ||    85
         Punch             |       |     2 |     5 |       ||     7
         Mace              |       |    60 |   262 |    39 ||   361
         Quarterstaff      |       |       |     6 |       ||     6
  Throw: Stone             |     4 |       |       |       ||     4
         Dart              |       |     3 |     9 |       ||    12
   Cast: Summon Lightning  |       |       |     3 |     5 ||     8
         Call Imp          |       |       |       |     2 ||     2
    Use: Scroll            |     2 |     7 |       |     2 ||    11
         Potion            |       |     1 |     8 |     3 ||    12
   Stab: Sleeping          |     3 |       |       |       ||     3
         Distracted        |       |       |       |     1 ||     1
 Armour: Leather armour    |     7 |       |       |       ||     7
         Chain mail        |    12 |    90 |    51 |       ||   153
         Scale mail        |       |       |    78 |       ||    78
         Ring mail         |       |       |    21 |    26 ||    47
  Dodge: Dodged            |    20 |    77 |   184 |    42 ||   323

Table legend: (Time is in decaauts)
 A = Elapsed time spent in this place.
 B = Non-inter-level travel time spent in this place.
 C = Inter-level travel time spent in this place.
 D = Time resting spent in this place.
 E = Time spent auto-exploring this place.
 F = Levels seen in this place.
 G = Mean time per level.
                   A        B        C        D        E       F      G
               +--------+--------+--------+--------+--------+-----+--------+
         Total |  10654 |  10089 |    565 |   2432 |   5292 |  10 | 1065.4 |
       Dungeon |  10164 |   9599 |    565 |   2241 |   5162 |   9 | 1129.3 |
         Sewer |    489 |    489 |      0 |    191 |    130 |   1 |  489.0 |
               +--------+--------+--------+--------+--------+-----+--------+

Top non-repeatable levels by time:
     D:8: 1637 daAuts
     D:4: 1499 daAuts
     D:2: 1325 daAuts
     D:3: 1279 daAuts
     D:7: 1118 daAuts
     D:6: 1101 daAuts
     D:5: 996 daAuts
     D:1: 961 daAuts
   Sewer: 489 daAuts
     D:9: 243 daAuts
